[ AOE2 MATCH · #507412384 ]
UnrankedHindustanis vs Franks
Rival team · WIN
[ REPLAY ANALYSIS · EXTRACTED FROM THE RECORDED GAME ]
Feudal
8:26
Castle
24:16
Imperial
38:29
| APM avg | 71.3 |
| APM peak | 97 |
| eAPM avg | 30.7 |
| Villagers / military | 162 / 143 |
Focus
⚔️ 39.2% · 🌾 60.8%
Cavalry Archer ×83 · Archer ×22 · Skirmisher ×17 · Mangonel ×7 · Scout Cavalry ×6 · Bombard Cannon ×5
Feudal
10:34
Castle
21:04
Imperial
—
| APM avg | 103.2 |
| APM peak | 146 |
| eAPM avg | 51.4 |
| Villagers / military | 189 / 160 |
Focus
⚔️ 61.6% · 🌾 38.4%
Skirmisher ×68 · Knight ×60 · Cavalry Archer ×20 · Militia ×6 · Monk ×3 · Archer ×2
Match map
Initial resources + every placement click. Lines = walls · curves = elevation contours. ◆ gold · ⬟ stone · ● berries · ✦ relic · ◌ wall gap
Your base· ✓ Closed at 24:16 · 43t walls · no gate
DS_Gali's base· ✓ Closed at 21:04 · 36t walls · 1 gate(s)
Smoothed initial terrain · ◌ = detected wall gap · hover for details
Inputs per minute
— _TieuQuy - - DS_Gali
Build order — _TieuQuy
First 150 of 378 actions detected
| 0:01 | Queue | Villager (Male) |
| 0:01 | Queue | Villager (Male) |
| 0:02 | Build | House |
| 0:03 | Build | House |
| 0:07 | Queue | Villager (Male) |
| 0:07 | Queue | Villager (Male) |
| 1:09 | Queue | Villager (Male) |
| 1:10 | Queue | Villager (Male) |
| 1:31 | Queue | Villager (Male) |
| 2:03 | Queue | Villager (Male) |
| 2:03 | Queue | Villager (Male) |
| 2:11 | Build | Lumber Camp |
| 2:17 | Queue | Villager (Male) |
| 2:17 | Queue | Villager (Male) |
| 2:50 | Queue | Villager (Male) |
| 2:50 | Queue | Villager (Male) |
| 3:30 | Queue | Villager (Male) |
| 3:51 | Build | House |
| 3:57 | Queue | Villager (Male) |
| 4:15 | Build | Palisade Wall |
| 4:27 | Queue | Villager (Male) |
| 4:49 | Queue | Villager (Male) |
| 5:08 | Queue | Villager (Male) |
| 5:14 | Research | Loom |
| 5:29 | Build | Mill |
| 5:57 | Build | Palisade Wall |
| 6:15 | Research | Feudal Age |
| 6:15 | Research | Feudal Age |
| 6:28 | Build | House |
| 7:02 | Queue | Villager (Male) |
| 7:42 | Build | Barracks |
| 7:54 | Queue | Villager (Male) |
| 8:20 | Build | Barracks |
| 8:23 | Build | Palisade Wall |
| 8:24 | Build | Palisade Wall |
| 8:26 | Age | Feudal Age |
| 8:31 | Queue | Villager (Male) |
| 8:37 | Build | Palisade Wall |
| 8:53 | Build | House |
| 9:00 | Queue | Villager (Male) |
| 9:11 | Build | Archery Range |
| 9:16 | Build | Archery Range |
| 9:24 | Queue | Villager (Male) |
| 9:29 | Queue | Spearman |
| 9:51 | Queue | Villager (Male) |
| 9:52 | Build | House |
| 9:57 | Queue | Archer |
| 10:09 | Queue | Villager (Male) |
| 10:11 | Build | House |
| 10:23 | Build | House |
| 10:27 | Queue | Skirmisher |
| 10:30 | Research | Double-Bit Axe |
| 10:30 | Research | Double-Bit Axe |
| 10:33 | Queue | Villager (Male) |
| 10:48 | Build | Mining Camp |
| 11:02 | Queue | Skirmisher |
| 11:09 | Queue | Villager (Male) |
| 11:25 | Build | Palisade Wall |
| 11:26 | Build | Palisade Wall |
| 11:29 | Build | Palisade Wall |
| 11:35 | Queue | Villager (Male) |
| 11:43 | Queue | Skirmisher |
| 11:51 | Build | Blacksmith |
| 11:58 | Queue | Skirmisher |
| 12:02 | Queue | Villager (Male) |
| 12:02 | Build | Farm |
| 12:23 | Queue | Villager (Male) |
| 12:25 | Build | Farm |
| 12:27 | Queue | Archer |
| 12:45 | Queue | Villager (Male) |
| 12:46 | Build | Farm |
| 12:48 | Build | House |
| 12:56 | Queue | Archer |
| 12:57 | Queue | Villager (Male) |
| 13:00 | Build | Farm |
| 13:18 | Research | Fletching |
| 13:19 | Research | Fletching |
| 13:19 | Research | Fletching |
| 13:20 | Queue | Villager (Male) |
| 13:21 | Build | Farm |
| 13:24 | Build | House |
| 13:29 | Queue | Skirmisher |
| 13:37 | Build | Lumber Camp |
| 13:42 | Build | Palisade Wall |
| 13:43 | Build | Palisade Wall |
| 13:50 | Queue | Archer |
| 14:01 | Build | Farm |
| 14:04 | Build | Palisade Wall |
| 14:06 | Build | Palisade Wall |
| 14:17 | Queue | Villager (Male) |
| 14:18 | Build | Farm |
| 14:19 | Queue | Villager (Male) |
| 14:29 | Queue | Skirmisher |
| 14:57 | Queue | Villager (Male) |
| 14:57 | Queue | Skirmisher |
| 15:10 | Build | House |
| 15:17 | Queue | Villager (Male) |
| 15:24 | Queue | Skirmisher |
| 15:29 | Queue | Villager (Male) |
| 15:31 | Build | Stable |
| 15:35 | Queue | Skirmisher |
| 15:47 | Queue | Villager (Male) |
| 15:49 | Build | Farm |
| 16:10 | Build | Farm |
| 16:12 | Queue | Skirmisher |
| 16:18 | Queue | Scout Cavalry |
| 16:18 | Queue | Scout Cavalry |
| 16:21 | Queue | Skirmisher |
| 16:26 | Queue | Villager (Male) |
| 16:31 | Queue | Skirmisher |
| 16:39 | Build | Farm |
| 16:40 | Build | Farm |
| 16:54 | Queue | Villager (Male) |
| 16:54 | Queue | Scout Cavalry |
| 17:03 | Build | House |
| 17:08 | Queue | Skirmisher |
| 17:12 | Queue | Villager (Male) |
| 17:13 | Build | Farm |
| 17:23 | Build | House |
| 17:32 | Queue | Scout Cavalry |
| 17:36 | Queue | Villager (Male) |
| 17:36 | Build | Farm |
| 17:54 | Queue | Skirmisher |
| 17:57 | Queue | Villager (Male) |
| 17:58 | Queue | Scout Cavalry |
| 18:20 | Queue | Villager (Male) |
| 18:21 | Queue | Scout Cavalry |
| 18:24 | Build | Farm |
| 18:28 | Build | House |
| 18:34 | Build | Palisade Wall |
| 18:44 | Queue | Skirmisher |
| 18:57 | Queue | Villager (Male) |
| 18:58 | Build | Farm |
| 18:59 | Build | Farm |
| 19:08 | Queue | Skirmisher |
| 19:12 | Queue | Archer |
| 19:12 | Queue | Archer |
| 19:19 | Queue | Villager (Male) |
| 19:20 | Build | Farm |
| 19:21 | Build | Farm |
| 19:21 | Build | Farm |
| 19:21 | Build | Farm |
| 19:21 | Build | Farm |
| 19:22 | Build | Farm |
| 19:35 | Queue | Villager (Male) |
| 19:42 | Build | Mining Camp |
| 19:49 | Build | House |
| 19:49 | Build | House |
| 19:50 | Build | House |
| 19:53 | Build | Farm |
Build order — DS_Gali
First 150 of 494 actions detected
| 0:00 | Queue | Villager (Male) |
| 0:01 | Build | House |
| 0:02 | Build | House |
| 0:03 | Queue | Villager (Male) |
| 0:05 | Build | House |
| 0:06 | Queue | Villager (Male) |
| 0:06 | Queue | Villager (Male) |
| 1:27 | Queue | Villager (Male) |
| 1:57 | Build | Lumber Camp |
| 1:59 | Queue | Villager (Male) |
| 1:59 | Queue | Villager (Male) |
| 2:08 | Queue | Villager (Male) |
| 2:29 | Queue | Villager (Male) |
| 2:49 | Queue | Villager (Male) |
| 2:49 | Queue | Villager (Male) |
| 3:33 | Queue | Villager (Male) |
| 3:39 | Queue | Villager (Male) |
| 3:39 | Queue | Villager (Male) |
| 3:47 | Build | House |
| 3:50 | Build | House |
| 3:58 | Queue | Villager (Male) |
| 4:30 | Queue | Villager (Male) |
| 4:45 | Build | Barracks |
| 4:49 | Build | Palisade Wall |
| 5:20 | Build | House |
| 5:22 | Queue | Villager (Male) |
| 5:37 | Queue | Militia |
| 5:43 | Queue | Villager (Male) |
| 6:01 | Queue | Militia |
| 6:11 | Queue | Villager (Male) |
| 6:15 | Build | Mill |
| 6:27 | Queue | Militia |
| 6:28 | Queue | Villager (Male) |
| 6:40 | Research | Loom |
| 6:52 | Queue | Villager (Male) |
| 7:03 | Build | Palisade Gate |
| 7:21 | Build | House |
| 7:28 | Queue | Villager (Male) |
| 7:35 | Build | House |
| 7:59 | Queue | Villager (Male) |
| 8:24 | Research | Feudal Age |
| 8:56 | Build | Mining Camp |
| 9:52 | Build | House |
| 9:53 | Queue | Militia |
| 10:30 | Queue | Villager (Male) |
| 10:34 | Age | Feudal Age |
| 10:39 | Research | Double-Bit Axe |
| 10:41 | Research | Man-at-Arms (upgrade) |
| 10:48 | Build | Archery Range |
| 10:52 | Build | House |
| 10:54 | Build | Farm |
| 10:54 | Build | Farm |
| 10:56 | Queue | Villager (Male) |
| 10:59 | Build | Farm |
| 11:04 | Build | House |
| 11:14 | Queue | Villager (Male) |
| 11:19 | Build | Farm |
| 11:22 | Build | House |
| 11:28 | Queue | Villager (Male) |
| 11:41 | Build | Farm |
| 11:44 | Build | Farm |
| 11:44 | Build | Farm |
| 11:45 | Queue | Villager (Male) |
| 11:50 | Queue | Skirmisher |
| 11:50 | Queue | Skirmisher |
| 11:55 | Build | Palisade Wall |
| 11:59 | Queue | Villager (Male) |
| 12:06 | Queue | Skirmisher |
| 12:17 | Build | Farm |
| 12:22 | Queue | Spearman |
| 12:31 | Queue | Skirmisher |
| 12:32 | Queue | Villager (Male) |
| 12:44 | Build | Farm |
| 12:47 | Queue | Skirmisher |
| 13:04 | Queue | Villager (Male) |
| 13:06 | Build | Farm |
| 13:23 | Queue | Villager (Male) |
| 13:27 | Queue | Skirmisher |
| 13:37 | Build | Blacksmith |
| 13:45 | Queue | Militia |
| 13:48 | Queue | Villager (Male) |
| 13:56 | Queue | Skirmisher |
| 13:57 | Build | Farm |
| 14:07 | Queue | Villager (Male) |
| 14:13 | Research | Fletching |
| 14:27 | Build | Farm |
| 14:28 | Queue | Villager (Male) |
| 14:28 | Queue | Villager (Male) |
| 14:30 | Build | Farm |
| 14:33 | Queue | Skirmisher |
| 14:46 | Queue | Militia |
| 14:51 | Build | Farm |
| 15:07 | Queue | Skirmisher |
| 15:09 | Queue | Villager (Male) |
| 15:14 | Queue | Villager (Male) |
| 15:25 | Queue | Skirmisher |
| 15:29 | Queue | Villager (Male) |
| 15:33 | Build | Farm |
| 15:35 | Build | Farm |
| 15:44 | Queue | Villager (Male) |
| 15:49 | Build | Farm |
| 15:56 | Queue | Villager (Male) |
| 15:59 | Queue | Villager (Male) |
| 16:01 | Build | Farm |
| 16:10 | Queue | Villager (Male) |
| 16:23 | Queue | Villager (Male) |
| 16:28 | Queue | Villager (Male) |
| 16:36 | Build | Farm |
| 16:36 | Build | Farm |
| 16:36 | Build | Farm |
| 16:46 | Queue | Skirmisher |
| 16:56 | Queue | Villager (Male) |
| 17:11 | Build | Lumber Camp |
| 17:19 | Build | House |
| 17:19 | Build | House |
| 17:34 | Queue | Skirmisher |
| 17:37 | Queue | Villager (Male) |
| 17:45 | Queue | Villager (Male) |
| 17:49 | Queue | Villager (Male) |
| 18:02 | Queue | Villager (Male) |
| 18:07 | Build | Farm |
| 18:24 | Research | Castle Age |
| 18:56 | Queue | Villager (Male) |
| 19:03 | Queue | Archer |
| 19:23 | Build | Palisade Wall |
| 19:26 | Build | Palisade Wall |
| 19:27 | Build | Palisade Wall |
| 19:29 | Build | Palisade Wall |
| 19:31 | Build | Palisade Wall |
| 19:43 | Queue | Archer |
| 19:45 | Build | Archery Range |
| 19:46 | Build | Archery Range |
| 19:53 | Research | Padded Archer Armor |
| 19:53 | Research | Padded Archer Armor |
| 19:54 | Research | Gold Mining |
| 20:02 | Build | House |
| 20:06 | Build | Palisade Wall |
| 20:08 | Build | House |
| 20:12 | Queue | Villager (Male) |
| 20:15 | Build | House |
| 20:25 | Build | Stable |
| 21:04 | Age | Castle Age |
| 21:06 | Queue | Cavalry Archer |
| 21:06 | Queue | Cavalry Archer |
| 21:06 | Queue | Cavalry Archer |
| 21:07 | Research | Bodkin Arrow |
| 21:08 | Queue | Knight |
| 21:09 | Queue | Villager (Male) |
| 21:20 | Queue | Cavalry Archer |
| 21:20 | Queue | Cavalry Archer |
Match timeline
| 4:15 | _TieuQuy · wall_segment Palisade Wall x10 |
| 4:45 | DS_Gali · first_building Barracks |
| 4:49 | DS_Gali · wall_segment Palisade Wall x1 |
| 5:57 | _TieuQuy · wall_segment Palisade Wall x8 |
| 7:42 | _TieuQuy · first_building Barracks |
| 8:23 | _TieuQuy · wall_segment Palisade Wall x1 |
| 8:24 | _TieuQuy · wall_segment Palisade Wall x1 |
| 8:26 | _TieuQuy · age_up feudal |
| 8:37 | _TieuQuy · wall_segment Palisade Wall x1 |
| 9:11 | _TieuQuy · first_building Archery Range |
| 10:34 | DS_Gali · age_up feudal |
| 10:48 | DS_Gali · first_building Archery Range |
| 11:25 | _TieuQuy · wall_segment Palisade Wall x1 |
| 11:26 | _TieuQuy · wall_segment Palisade Wall x1 |
| 11:29 | _TieuQuy · wall_segment Palisade Wall x1 |
| 11:55 | DS_Gali · wall_segment Palisade Wall x9 |
| 13:42 | _TieuQuy · wall_segment Palisade Wall x3 |
| 13:43 | _TieuQuy · wall_segment Palisade Wall x9 |
| 14:04 | _TieuQuy · wall_segment Palisade Wall x1 |
| 14:06 | _TieuQuy · wall_segment Palisade Wall x1 |
| 15:31 | _TieuQuy · first_building Stable |
| 18:34 | _TieuQuy · wall_segment Palisade Wall x5 |
| 19:23 | DS_Gali · wall_segment Palisade Wall x6 |
| 19:26 | DS_Gali · wall_segment Palisade Wall x4 |
| 19:27 | DS_Gali · wall_segment Palisade Wall x6 |
| 19:29 | DS_Gali · wall_segment Palisade Wall x6 |
| 19:31 | DS_Gali · wall_segment Palisade Wall x4 |
| 20:06 | DS_Gali · wall_segment Palisade Wall x1 |
| 20:25 | DS_Gali · first_building Stable |
| 21:04 | DS_Gali · age_up castle |
| 21:10 | _TieuQuy · wall_segment Palisade Wall x1 |
| 21:11 | _TieuQuy · wall_segment Palisade Wall x3 |
| 24:16 | _TieuQuy · age_up castle |
| 24:37 | DS_Gali · wall_segment Palisade Wall x1 |
| 25:17 | DS_Gali · first_building Monastery |
| 27:17 | _TieuQuy · first_market_buy 100 stone |
| 29:15 | _TieuQuy · first_building Siege Workshop |
| 31:20 | _TieuQuy · first_market_sell 100 wood |
| 35:25 | DS_Gali · first_market_sell 500 food |
| 35:26 | DS_Gali · first_market_buy 500 stone |
| 36:26 | DS_Gali · first_building Castle |
| 38:29 | _TieuQuy · age_up imperial |
| 42:26 | _TieuQuy · resign |
[ AI ANALYSIS · 1 CREDIT ]
What really happened in this match?
Wolo.gg analyzes every decision: build order, eco, micro, common mistakes by bracket. Personalized analysis on WhatsApp or Discord in 30 seconds.
Civ guide
Hindustanis
Perfil
Jugador #2593750